Map: Abyssal Reef LE

Players

MovieMaker

  • Race: Terran Terran
  • League: Master
  • Spawn Location: 11:00

Railgan - Winner!

  • Race: Zerg Zerg
  • League: Master
  • Spawn Location: 5:00

VOD

Have the link to the VOD?

Description

Time

  • Played on: March 1, 2017, 4:40 p.m.
  • Length: 7:12
Show
View Real Time Build Order
Export as new Build Order

MovieMaker Terran 

Build Orders: Liberator Opening, Reaper Expand 

Get SALT Encoding   

  12  0:00  SCV  
  13  0:13  SCV  
  14  0:17  Supply Depot  
  14  0:25  SCV  
  15  0:39  SCV  
  15  0:40  Barracks  
  16  0:45  Refinery  
  16  0:51  SCV  
  17  1:03  SCV  
  18  1:15  SCV  
  19  1:27  Reaper  
  19  1:28  Orbital Command  
  20  1:41  Command Center  
  20  1:53  SCV  
  21  1:56  Supply Depot  
  21  1:59  Marine  
  22  2:04  Factory  
  22  2:08  SCV  
  22  2:12  Refinery  
  23  2:20  SCV  
  23  2:21  Barracks Reactor  
  24  2:34  SCV  
  23  2:46  SCV  
  23  2:50  Starport  
  24  3:00  SCV  
  24  3:04  Hellion x2  
  29  3:08  Barracks Tech Lab  
  29  3:14  SCV  
  30  3:25  Cyclone  
  32  3:28  Marauder  
  31  3:41  Liberator, Orbital Command  
  31  3:46  Starport Tech Lab  
  29  3:53  SCV  
  32  4:05  SCV  
  32  4:06  Marine  
  34  4:15  Factory Tech Lab, Command Center  
  34  4:17  SCV  
  34  4:18  SCV  
  36  4:24  Stimpack  
  36  4:26  Marine  
  36  4:29  SCV  
  36  4:30  SCV  
  39  4:38  Supply Depot  
  39  4:41  SCV  
  39  4:44  SCV  
  41  4:46  Siege Tank  
  41  4:48  Marine  
  45  4:53  SCV  
  46  5:00  SCV  
  46  5:01  Viking  
  46  5:02  Supply Depot  
  49  5:11  SCV  
  49  5:12  SCV  
  49  5:13  Marine  
  52  5:23  SCV  
  52  5:25  Barracks  
  52  5:26  Barracks  
  53  5:30  Marine  
  54  5:37  SCV x2  
  54  5:39  Starport Reactor  
  53  5:48  Marine  
  53  5:49  SCV, Orbital Command  
  55  5:53  Engineering Bay  
  55  5:54  Engineering Bay, SCV  
  56  6:01  SCV  
  56  6:02  Siege Tank  
  60  6:06  SCV  
  60  6:08  Marine, Refinery  
  62  6:13  SCV  
  62  6:17  Barracks Reactor x2  
  63  6:21  Barracks  
  63  6:22  SCV  
  63  6:23  Barracks, SCV  
  63  6:26  Marine  
  64  6:33  Bunker  
  60  6:46  Marine  
  34  6:54  Marine  
Show
View Real Time Build Order
Export as new Build Order

Railgan Zerg - Winner!

Build Orders: Pool First 

Get SALT Encoding   

  12  0:01  Drone  
  13  0:12  Overlord  
  13  0:17  Drone  
  14  0:31  Drone x2  
  16  0:37  Drone  
  17  0:46  Spawning Pool  
  17  0:48  Drone  
  17  0:56  Drone  
  18  1:12  Hatchery  
  18  1:13  Extractor  
  18  1:17  Drone  
  17  1:19  Drone  
  18  1:33  Roach Warren, Zergling x2  
  18  1:42  Queen  
  18  1:46  Drone  
  21  1:49  Drone  
  22  2:00  Overlord  
  22  2:18  Queen  
  22  2:20  Roach  
  22  2:22  Roach  
  28  2:27  Queen  
  30  2:30  Roach  
  32  2:37  Drone  
  32  2:38  Drone  
  32  2:44  Overlord  
  34  2:48  Drone  
  34  2:49  Drone  
  36  2:58  Drone  
  36  3:05  Lair  
  36  3:09  Drone x2  
  36  3:10  Drone  
  39  3:16  Drone  
  39  3:17  Drone  
  41  3:25  Overlord  
  41  3:26  Drone x2  
  43  3:38  Drone  
  44  3:45  Evolution Chamber  
  44  3:48  Drone x6  
  45  4:00  Drone x3  
  46  4:04  Overlord  
  46  4:05  Overlord, Glial Reconstitution  
  46  4:06  Extractor x2  
  46  4:09  Extractor  
  43  4:11  Roach  
  43  4:13  Drone x2  
  47  4:19  Zerg Missile Weapons Level 1  
  47  4:22  Overlord  
  47  4:25  Drone x3  
  50  4:31  Drone x2  
  50  4:32  Drone  
  53  4:47  Overlord  
  53  4:52  Overlord  
  53  4:53  Hatchery  
  53  4:55  Roach x2  
  53  4:59  Overlord  
  56  5:00  Roach  
  56  5:03  Hatchery  
  56  5:05  Roach  
  60  5:08  Ravager  
  60  5:11  Roach x2  
  65  5:17  Roach x2  
  65  5:19  Ravager  
  68  5:32  Roach  
  68  5:33  Roach x2  
  74  5:37  Drone  
  74  5:38  Drone x2  
  74  5:42  Roach x2  
  82  5:43  Roach  
  84  5:50  Roach x2  
  84  5:52  Roach  
  88  5:58  Drone  
  88  6:01  Overlord  
  89  6:05  Overseer  
  89  6:11  Hatchery  
  89  6:14  Roach x2  
  89  6:18  Roach x2  
  96  6:19  Ravager  
  96  6:20  Ravager  
  96  6:22  Ravager x2  
  96  6:23  Ravager  
  96  6:25  Roach  
  103  6:32  Roach x2  
  99  6:41  Roach  
  99  6:44  Roach  
  100  6:49  Roach  
  100  6:52  Roach  
  100  6:53  Roach x3  
  105  7:10  Spire  
Tags
 
Add a new tag
Caveats
  • Supply blocks, unpowered buildings, or Contaminate may cause inaccurate times.
  • Supply counts are checked every 10 seconds.